 Dungeon Crawl Stone Soup version 0.26-a0-450-ge645bd13c1 (webtiles) character file.

Game seed: 12388990327490037615

5714 Morbidden the Thaumaturge (level 10, -5/58 HPs)
             Began as a Deep Elf Conjurer on July 27, 2020.
             Was an Elder of Cheibriados.
             Slain by an efreet
             ... wielding a +4 scimitar of flaming
              (9 damage)
             ... on level 10 of the Dungeon.
             The game lasted 00:22:24 (9987 turns).

Morbidden the Thaumaturge (Deep Elf Conjurer)       Turns: 9987, Time: 00:22:25

Health: -5/58      AC: 18    Str: 17    XL:     10   Next: 48%
Magic:  20/27      EV: 20    Int: 38    God:    Cheibriados [****..]
Gold:   529        SH:  0    Dex: 23    Spells: 25/32 levels left

rFire    . . .     SeeInvis .   k - +2 short sword (venom)
rCold    + . .     Faith    .   (no shield)
rNeg     . . .     Spirit   .   K - +5 ring mail "Emeahomo" {*Corrode rC+ Int+4}
rPois    .         Reflect  .   i - +2 helmet
rElec    .         Harm     .   l - +0 cloak
rCorr    .                      n - +0 pair of gloves
MR       +....                  s - +1 pair of boots
Stlth    +++.......             I - amulet of regeneration
HPRegen  0.59/turn              a - +4 ring of evasion
MPRegen  0.20/turn              (no ring)

@: very slow
A: no striking features
a: Bend Time, Temporal Distortion, Slouch, Renounce Religion


You were on level 10 of the Dungeon.
You worshipped Cheibriados.
Cheibriados was greatly pleased with you.
You visited 1 branch of the dungeon, and saw 10 of its levels.

You collected 529 gold pieces.

Inventory:

Hand Weapons
 k - a +2 short sword of venom (weapon)
 w - a +0 scimitar
Missiles
 m - 22 poisoned darts (quivered)
 H - 16 boomerangs
 J - a throwing net
Armour
 i - a +2 helmet (worn)
 l - a +0 cloak (worn)
 n - a +0 pair of gloves (worn)
 q - a +0 leather armour of poison resistance
 s - a +1 pair of boots (worn)
 K - the +5 ring mail "Emeahomo" (worn) {*Corrode rC+ Int+4}
   (You found it on level 8 of the Dungeon)

   It affects your intelligence (+4).
   It protects you from cold.
   It may corrode you when you take damage.
Jewellery
 a - a +4 ring of evasion (left hand)
 D - an uncursed ring of flight
 I - an amulet of regeneration (around neck)
 Q - a cursed ring of resist corrosion
Wands
 u - a wand of flame (17)
 y - a wand of acid (8)
 B - a wand of iceblast (6)
 M - a wand of disintegration (12)
 N - a wand of enslavement (7)
 P - a wand of polymorph (9)
Scrolls
 p - 5 scrolls of teleportation
 r - 2 scrolls of immolation
 z - 3 scrolls of enchant weapon
 A - a scroll of blinking
 E - 2 scrolls of remove curse
 L - a scroll of fear
 O - a scroll of summoning {unknown}
Potions
 b - a potion of berserk rage {unknown}
 d - 8 potions of brilliance {unknown}
 e - 2 potions of magic {unknown}
 f - 3 potions of lignification
 h - 3 potions of resistance {unknown}
 j - 5 potions of flight {unknown}
 o - a potion of invisibility {unknown}
 t - a potion of stabbing {unknown}
 v - 4 potions of curing
 C - 2 potions of degeneration {unknown}


   Skills:
 * Level 4.5 Fighting
 + Level 3.3 Short Blades
 + Level 2.9 Armour
 * Level 6.8 Dodging
 + Level 4.2 Stealth
 * Level 11.5 Spellcasting
 + Level 8.6 Conjurations
 + Level 2.5 Translocations
 * Level 5.2 Invocations


You had 25 spell levels left.
You knew the following spells:

 Your Spells              Type           Power        Failure   Level
a - Magic Dart            Conj           ####         1%          1
b - Searing Ray           Conj           ######       1%          2
z - Iskenderun's Mystic   Conj/Tloc      ######..     3%          4

Your spell library contained the following spells:

 Spells                   Type           Power        Failure   Level
 Apportation              Tloc           #####.       1%          1
 Dazzling Flash           Conj/Hex       ######       1%          3
 Animate Skeleton         Necr           ###...       3%          1
 Corona                   Hex            ###....      3%          1
 Summon Small Mammal      Summ           ###.         3%          1
 Gell's Gravitas          Tloc           #####.....   3%          3
 Ensorcelled Hibernation  Hex/Ice        ###...       4%          2
 Fulminant Prism          Conj/Hex       ######....   5%          4
 Confusing Touch          Hex            ###.....     10%         3
 Tukima's Dance           Hex            ###.....     10%         3
 Animate Dead             Necr           ###.......   30%         4
 Petrify                  Tmut/Erth      ###.....     30%         4
 Borgnjor's Vile Clutch   Necr/Erth      ###.......   65%         5
 Metabolic Englaciation   Hex/Ice        ###.......   65%         5
 Yara's Violent Unravell  Hex/Tmut       ###.......   65%         5
 Death Channel            Necr           ###.......   99%         6
 Simulacrum               Ice/Necr       ###.......   99%         6


Dungeon Overview and Level Annotations

Branches:
Dungeon (10/15)            Temple (0/1) D:4
   Lair: D:8-11         Orc: D:9-12

Altars:
Ashenzari
Cheibriados
Fedhas
Gozag
Hepliaklqana
Kikubaaqudgha
Okawaru
Qazlal
Sif Muna
Trog
Uskayaw
Yredelemnul
Zin
The Shining One
Beogh

Shops:
D:6 (

Annotations:
D:3 3 runed translucent doors, crimsonTwin's ghost, amateur HOWr
D:8 Gastronok


Message History

You finish channeling your searing ray.
The efreet barely misses you.
Unknown command.
Casting: Searing Ray (safe; 1% risk of failure)
Confirm with . or Enter, or press ? or * to list all spells.
Aiming: Searing Ray (safe; 1% risk of failure)
Press: ? - help, Shift-Dir - straight line, f/p - efreet
Aim: an efreet, wielding a +4 scimitar of flaming (severely wounded)
The searing ray hits the efreet.
The efreet is severely wounded. (Press . to maintain the ray.)
The efreet gestures at you.
The fireball explodes!
The fireball engulfs you!
The fireball engulfs the efreet.
The efreet completely resists.
You hear a shout! x4
The searing ray hits the efreet.
The efreet is almost dead.
The efreet hits you with a +4 scimitar of flaming!!
* * * LOW HITPOINT WARNING * * *
The efreet burns you!
You die...

*,,* *,<* *,,* *,,* #..# *,,*
*,,* #..# *,,* #..# *,,* *,,*
#..# #..# #..# *,,* *.,* #..#
#..# #..# **,,*****..####(.# #..#
#..# ,,,,,,,,,,,......# #..# #.)#
,,,,,,,,,,,,,....# #..# #..#
**,,*****,,***#R.# #..# #.(# *,,*
*,,* #.@# #..# #..# *,<* *,,*
#..#######..####..# **,,*****,,*
#.....)..........(. ,,,,,,,,,,,*
#................(.
,,,,,,,,,,,***#..################
,,,,*****,,,.....# # ,,,,*
*,,......# # ,,,,* *,,####..# #
,,,,* *,,* #..# #


You could see an efreet.

Vanquished Creatures
  Harold (D:8)
  A gargoyle (D:9)
  Sigmund (D:2)
  6 yaks (D:9)
  2 orc warriors
  2 ice beasts
  2 sky beasts (D:8)
  A phantom (D:9)
  6 ogres
  2 centaurs
  A big kobold (D:9)
  3 bullfrogs
  A wyvern zombie (D:7)
  A scorpion (D:7)
  A water moccasin skeleton (D:8)
  A wyvern skeleton (D:8)
  10 killer bees
  3 wights (D:6)
  4 howler monkeys
  2 bullfrog zombies (D:6)
  A bullfrog skeleton (D:5)
  5 orc priests
  3 hounds
  A jelly (D:6)
  8 orc wizards
  A centaur skeleton (D:8)
  A gnoll shaman (D:9)
  Terence (D:3)
  Natasha (thrice) (D:3)
  6 worker ants
  A hound zombie (D:9)
  A worker ant zombie (D:10)
  Robin (D:2)
  6 gnolls
  13 adders
  A white imp (D:8)
  3 oozes
  An adder skeleton (D:3)
  An adder zombie (D:7)
  4 worms
  A dart slug (D:2)
  4 leopard geckos
  34 orcs
  A ball python (D:4)
  5 giant cockroaches
  14 goblins
  9 hobgoblins
  2 jackals (D:1)
  4 quokkas
  6 bats
  7 frilled lizards
  8 kobolds
  A leopard gecko zombie (D:4)
  5 rats
214 creatures vanquished.

Notes
Turn   | Place    | Note
-------+----------+-------------------------------------------
     0 | D:1      | Morbidden the Deep Elf Conjurer began the quest for the
                  | Orb.
     0 | D:1      | Reached XP level 1. HP: 10/10 MP: 6/6
   416 | D:1      | Reached XP level 2. HP: 15/15 MP: 5/8
   869 | D:2      | Found a basalt altar of Yredelemnul.
   929 | D:1      | Learned a level 2 spell: Searing Ray
  1075 | D:2      | Reached XP level 3. HP: 20/20 MP: 6/9
  1125 | D:2      | Reached skill level 5 in Conjurations
  1260 | D:2      | Reached skill level 1 in Fighting
  1260 | D:2      | Reached XP level 4. HP: 25/25 MP: 6/11
  1331 | D:2      | Noticed Robin
  1334 | D:2      | Killed Robin
  1640 | D:2      | Reached skill level 4 in Spellcasting
  1728 | D:2      | Found a bloodstained altar of Trog.
  1728 | D:2      | Found a shattered altar of Ashenzari.
  1728 | D:2      | Found a hazy altar of Hepliaklqana.
  1783 | D:2      | Found an ancient bone altar of Kikubaaqudgha.
  1823 | D:2      | Noticed Sigmund
  1854 | D:2      | Killed Sigmund
  1854 | D:2      | Reached skill level 5 in Spellcasting
  1854 | D:2      | Reached XP level 5. HP: 10/29 MP: 2/14
  1854 | D:2      | Reached XP level 6. HP: 11/34 MP: 2/15
  2517 | D:3      | Found a runed translucent gate.
  2519 | D:3      | Found a runed translucent gate.
  2521 | D:3      | Found a runed translucent gate.
  2521 | D:3      | Noticed crimsonTwin's ghost (amateur HOWr)
  2523 | D:3      | Found a roughly hewn altar of Beogh.
  2530 | D:3      | Identified the +12 whip of Woxiam {flame, +Fly Str-4 Dex+6}
  2575 | D:3      | Noticed Natasha
  2581 | D:3      | Killed Natasha
  2581 | D:3      | Reached skill level 1 in Short Blades
  2801 | D:3      | Noticed Terence
  2805 | D:3      | Killed Terence
  2832 | D:3      | Found a snail-covered altar of Cheibriados.
  2855 | D:3      | Became a worshipper of Cheibriados the Contemplative
  2861 | D:3      | Noticed Natasha
  2881 | D:3      | Killed Natasha
  2881 | D:3      | Reached skill level 6 in Spellcasting
  3100 | D:3      | Noticed Natasha
  3105 | D:3      | Killed Natasha
  3145 | D:3      | Reached * piety under Cheibriados
  3248 | D:3      | Reached XP level 7. HP: 40/40 MP: 15/18
  3722 | D:4      | Found a hide-covered altar of Uskayaw.
  3839 | D:4      | Found a staircase to the Ecumenical Temple.
  3912 | D:4      | Reached skill level 7 in Spellcasting
  3913 | D:4      | Reached skill level 1 in Invocations
  4045 | D:4      | You fall into a shaft and drop 1 floor!
  4045 | D:5      | Entered Level 5 of the Dungeon
  4309 | D:5      | Reached ** piety under Cheibriados
  4380 | D:5      | Found a shimmering blue altar of Sif Muna.
  4485 | D:5      | Found a blossoming altar of Fedhas.
  4610 | D:5      | Reached XP level 8. HP: 45/45 MP: 14/21
  4726 | D:5      | Reached skill level 8 in Spellcasting
  5878 | D:6      | Reached skill level 1 in Armour
  5878 | D:6      | Reached skill level 9 in Spellcasting
  5981 | D:6      | Reached skill level 5 in Dodging
  6096 | D:6      | Reached *** piety under Cheibriados
  6265 | D:6      | Learned a level 4 spell: Iskenderun's Mystic Blast
  6475 | D:6      | Found Qanon's Antique Weapon Shoppe.
  6701 | D:7      | Reached XP level 9. HP: 51/51 MP: 18/24
  6904 | D:7      | Found an iron altar of Okawaru.
  7385 | D:7      | Reached skill level 10 in Spellcasting
  7733 | D:8      | Reached skill level 1 in Translocations
  7816 | D:8      | Reached **** piety under Cheibriados
  7878 | D:8      | Noticed Harold
  7935 | D:8      | Killed Harold
  8194 | D:8      | Found a stormy altar of Qazlal.
  8281 | D:8      | Noticed Gastronok
  8385 | D:8      | Got an ancient ring mail
  8403 | D:8      | Identified the +5 ring mail "Emeahomo" {*Corrode rC+ Int+4}
                  | (You found it on level 8 of the Dungeon)
  8648 | D:8      | Found a basalt altar of Yredelemnul.
  8907 | D:9      | Reached skill level 11 in Spellcasting
  9114 | D:9      | Found a glowing golden altar of the Shining One.
  9184 | D:9      | Reached XP level 10. HP: 57/57 MP: 23/27
  9328 | D:9      | Reached skill level 5 in Invocations
  9662 | D:9      | Noticed a gargoyle
  9734 | D:9      | Killed a gargoyle
  9814 | D:9      | Found an opulent altar of Gozag.
  9814 | D:9      | Found a glowing silver altar of Zin.
  9861 | D:10     | Entered Level 10 of the Dungeon
  9987 | D:10     | Slain by an efreet

Illustrated notes

Levels and vault maps discovered:
D:1:      minmay_arrival_split_and_join, layout_loops_ring
D:2:      layout_basic, nicolae_overflow_crystal_walls, kiku_gazebo_pond_becter,
          gammafunk_temple_overflow_forgotten, uniq_robin, uniq_sigmund
D:3:      layout_loops_ring, cheibriados_altar_1, biasface_ghost_orc_armoury,
          uniq_natasha, uniq_terence
D:4:      layout_cave_pools, lemuel_crystal_altar,
          minmay_temple_entry_from_below_a, serial_column_ruins,
          column_ruins_square_medium, column_ruins_grid_1, column_ruins_grid_1,
          column_ruins_open_medium, column_ruins_corridor_straight,
          column_ruins_corridor_corner, column_ruins_open_small,
          serial_bayou_crossing
D:5:      layout_basic, lemuel_crystal_altar, fedhas_altar_fruit_tree
D:6:      layout_loops_cross, serial_shops, nicolae_shop_behind_doors
D:7:      layout_gridville, okawaru_trees_1
D:8:      layout_basic, kennysheep_mini_moat, basic_altar, uniq_harold,
          uniq_gastronok
D:9:      layout_roguey, grunt_temple_overflow_gold_and_silver, kennysheep_mini,
          minmay_statues_item
D:10:     layout_small_grid, serial_shops, nicolae_shop_trees

Skill      XL: |  1  2  3  4  5  6  7  8  9 10 |
---------------+-------------------------------+-----
Dodging        | 3 4 5 6 |  6.8
Conjurations   | 5 6 7 8 |  8.6
Fighting       | 1 2 3 4 |  4.5
Spellcasting   | 5 6 7 9 11 | 11.5
Short Blades   | 1 3 |  3.3
Stealth        | 3 4 |  4.2
Invocations    | 1 3 4 5 |  5.2
Armour         | 1 2 |  2.9
Translocations | 1 2 |  2.5

Action                   |  1- 3 |  4- 6 |  7- 9 | 10-12 || total
-------------------------+-------+-------+-------+-------++-------
Melee: Whip              |     3 |       |       |       ||     3
       Dagger            |     6 |    26 |       |       ||    32
       Short sword       |       |       |    57 |    54 ||   111
 Cast: Magic Dart        |    34 |    75 |   214 |     9 ||   332
       Searing Ray       |     4 |    15 |    49 |    11 ||    79
       Iskenderun's Myst |       |       |    11 |     7 ||    18
Evoke: Wand              |       |       |       |     3 ||     3
  Use: Potion            |       |     3 |       |       ||     3
       Scroll            |       |     5 |     5 |     6 ||    16
 Stab: Sleeping          |     1 |       |       |       ||     1
       Distracted        |       |       |       |     1 ||     1
Armor: Robe              |     2 |     5 |       |       ||     7
       Skin              |       |     2 |       |       ||     2
       Leather armour    |       |       |    25 |       ||    25
       Ring mail         |       |       |     6 |    13 ||    19
Dodge: Dodged            |     6 |    20 |    99 |    69 ||   194

Table legend: (Time is in decaauts)
 A = Elapsed time spent in this place.
 B = Non-inter-level travel time spent in this place.
 C = Inter-level travel time spent in this place.
 D = Time resting spent in this place.
 E = Time spent auto-exploring this place.
 F = Levels seen in this place.
 G = Mean time per level.
                   A        B        C        D        E       F      G
               +--------+--------+--------+--------+--------+-----+--------+
         Total |  12155 |  11716 |    439 |    749 |   9411 |  10 | 1215.5 |
       Dungeon |  12155 |  11716 |    439 |    749 |   9411 |  10 | 1215.5 |
               +--------+--------+--------+--------+--------+-----+--------+

Top non-repeatable levels by time:
     D:8: 1758 daAuts
     D:7: 1430 daAuts
     D:2: 1419 daAuts
     D:3: 1415 daAuts
     D:5: 1353 daAuts
     D:6: 1308 daAuts
     D:9: 1243 daAuts
     D:4: 1040 daAuts
     D:1: 1029 daAuts
    D:10: 155 daAuts
